 Dungeon Crawl Stone Soup version 0.30-a0-860-g512cf1e979 (webtiles) character file.

Game seed: 7814985729783566570

501 BigDaddyOpFi the Trooper (level 7, 0/62 HPs)
             Began as a Hill Orc Fighter on Mar 7, 2023.
             Slain by Edmund
             ... wielding a +3 dire flail of venom
              (2 damage)
             ... on level 4 of the Dungeon.
             The game lasted 00:04:27 (3035 turns).

BigDaddyOpFi the Trooper (Hill Orc Fighter)         Turns: 3035, Time: 00:04:27

Health: 0/62       AC: 14    Str: 21    XL:     7   Next: 17%
Magic:  7/7        EV:  6    Int:  8    God:
Gold:   141        SH:  0    Dex: 10    Spells: 6/6 levels left

rFire   . . .      SeeInvis .    a - +1 war axe
rCold   . . .      Faith    +    c - +0 buckler
rNeg    . . .      Spirit   .    r - +0 plate armour
rPois   .          Reflect  .    (no helmet)
rElec   .          Rampage  .    (no cloak)
rCorr   .                        e - +0 pair of gloves
Will    .....                    n - +0 pair of boots Stlth
                                 d - amulet of faith
HPRegen 0.30/turn                (no ring)
MPRegen 0.10/turn                (no ring)

@: confused, brilliant, lethally poisoned (0 -> -24), ambrosia-drunk
A: no striking features
a: no special abilities


You were on level 4 of the Dungeon.
You visited 1 branch of the dungeon, and saw 4 of its levels.

You collected 141 gold pieces.

Inventory:

Hand Weapons
 a - a +1 war axe (weapon)
Armour
 c - a +0 buckler (worn)
 e - a +0 pair of gloves (worn)
 n - a +0 pair of boots (worn)
 r - a +0 plate armour (worn)
Jewellery
 d - an amulet of faith (around neck)
 u - an amulet of magic regeneration
Wands
 v - a wand of polymorph (7)
Scrolls
 b - a scroll of fog {unknown}
 f - 4 scrolls of identify
 g - 2 scrolls of noise
 j - a scroll of silence
 l - a scroll of fear
 q - a scroll of poison
 s - a scroll of torment
Potions
 k - 2 potions of flight
 m - a potion of magic


   Skills:
 + Level 5.6 Fighting
 + Level 5.4 Axes
 + Level 5.1 Armour
 + Level 5.1 Shields


You had 6 spell levels left.
You didn't know any spells.
Your spell library contained the following spells:

 Spells                   Type           Power      Damage    Failure   Level
 Slow                     Hex            0%         N/A       100%        1
 Sting                    Tmut/Pois      0%         1d3       100%        1
 Poisonous Vapours        Pois/Air       0%         N/A       100%        2
 Confusing Touch          Hex            0%         N/A       100%        3
 Dazzling Flash           Conj/Hex       0%         N/A       100%        3
 Vampiric Draining        Necr           0%         2d6       100%        3
 Olgreb's Toxic Radiance  Pois           0%         N/A       100%        4
 Agony                    Necr           0%         N/A       100%        5
 Silence                  Hex/Air        0%         N/A       100%        5


Dungeon Overview and Level Annotations

Branches:
Dungeon (4/15)
 Temple: D:4-7

Altars:
Dithmenos
Makhleb
Nemelex Xobeh
Sif Muna
The Shining One

Shops:
D:2 (

Annotations:
D:4 Edmund


Message History

You are too confused!
You bump into the rock wall.
You feel less invigorated.
You feel less confused.
You feel very sick.
Edmund hits you with a +3 dire flail of venom.
You are more poisoned.
Okay, then.
It was a potion of brilliance.
You feel clever all of a sudden.
You feel very sick. Edmund barely misses you.
Okay, then.
You are confused.
You feel invigorated.
You feel very sick. Edmund hits you but does no damage.
You are more poisoned.
You feel very sick.
You closely miss Edmund.
Edmund is moderately wounded.
You feel very sick.
Edmund hits you with a +3 dire flail of venom!
* * * LOW HITPOINT WARNING * * *
You are lethally poisoned!
* * * LOW HITPOINT WARNING * * *
You feel extremely sick.
You bump into the rock wall.
* * * LOW HITPOINT WARNING * * *
You feel very sick.
Edmund hits you with a +3 dire flail of venom!
* * * LOW HITPOINT WARNING * * *
You are more poisoned.
You're too confused to move!
* * * LOW HITPOINT WARNING * * *
You feel extremely sick. Edmund barely misses you.
Unknown command.
Edmund attacks as you move away!
Edmund hits you with a +3 dire flail of venom.
You die...

##...#
#.#
#..≈
....##
#.#
#..≈
###.#
#.####
#..≈
#..
#....#
#.§§
...
####.#
.♣.
#....#
..
#.####
#.#
#@#
#@#
#.#
#.#
..#
#..#
...#
##.##
..


You could see Edmund.

Vanquished Creatures
  Sigmund (D:3)
  Menkaure (D:4)
  Pargi (D:3)
  An iguana (D:4)
  3 adders
  A dart slug (D:2)
  7 orcs
  5 bats (D:1)
  7 endoplasms
  A giant cockroach (D:4)
  11 goblins
  10 hobgoblins
  10 kobolds
  4 quokkas
  3 ball pythons
  3 frilled lizards (D:1)
  4 rats
73 creatures vanquished.

Notes
Turn   | Place    | Note
-------+----------+-------------------------------------------
     0 | D:1      | BigDaddyOpFi the Hill Orc Fighter began the quest for the
                  | Orb.
     0 | D:1      | Reached XP level 1. HP: 19/19 MP: 1/1
   144 | D:1      | Reached XP level 2. HP: 27/27 MP: 2/2
   518 | D:1      | Reached XP level 3. HP: 30/33 MP: 3/3
  1168 | D:2      | Found Zaloigoa's Antique Weapon Shoppe.
  1330 | D:2      | Reached XP level 4. HP: 40/40 MP: 4/4
  1880 | D:3      | Found a sparkling altar of Nemelex Xobeh.
  1939 | D:3      | Noticed Sigmund
  1959 | D:3      | Killed Sigmund
  1960 | D:3      | Reached skill level 5 in Fighting
  1960 | D:3      | Reached XP level 5. HP: 47/48 MP: 5/5
  1960 | D:3      | Reached XP level 6. HP: 55/56 MP: 6/6
  1963 | D:3      | Found a shimmering blue altar of Sif Muna.
  1988 | D:3      | Noticed Pargi
  2015 | D:3      | Killed Pargi
  2256 | D:3      | Found a faded altar of an unknown god.
  2380 | D:3      | Reached skill level 5 in Axes
  2693 | D:4      | Noticed Menkaure
  2703 | D:4      | Killed Menkaure
  2704 | D:4      | Reached skill level 5 in Armour
  2704 | D:4      | Reached skill level 5 in Shields
  2704 | D:4      | Reached XP level 7. HP: 41/61 MP: 7/7
  2812 | D:4      | Found a shadowy altar of Dithmenos.
  2922 | D:4      | Found a burning altar of Makhleb.
  2922 | D:4      | Noticed a balrug
  2974 | D:4      | Found a glowing golden altar of the Shining One.
  3015 | D:4      | Noticed Edmund
  3034 | D:4      | HP: 2/62 [poisoned by Edmund]
  3035 | D:4      | Slain by Edmund

Illustrated notes

Levels and vault maps discovered:
D:1:      dpeg_arrival_morbid_curiosity, layout_basic, minmay_unequal
D:2:      layout_basic, serial_shops, shop_statue
D:3:      corexii_shack_village, layout_basic,
          mainiacjoe_overflow_catch_the_wave, shapermc_ecumenical_altar_ellora,
          uniq_pargi, uniq_sigmund
D:4:      layout_loops_cross, okawaru_trees_1, general_overflow_altar,
          makhleb_altar_promises_db, mainiacjoe_overflow_chevrons, uniq_edmund,
          uniq_eustachio, uniq_menkaure

Skill      XL: |  1  2  3  4  5  6 |
---------------+-------------------+-----
Axes           | 3 4 5 |  5.4
Fighting       | 4 5 |  5.6
Armour         | 4 5 |  5.1
Shields        | 4 5 |  5.1

Action                     |  1- 3 |  4- 6 |  7- 9 || total
---------------------------+-------+-------+-------++-------
  Melee: War axe           |   111 |    83 |    20 ||   214
    Use: Potion            |       |    11 |     4 ||    15
         Scroll            |       |     8 |       ||     8
 Armour: Scale mail        |    63 |    77 |       ||   140
         Chain mail        |       |     2 |       ||     2
         Plate armour      |       |       |    12 ||    12
  Dodge: Dodged            |    74 |    76 |     7 ||   157
  Block: Buckler           |    26 |    34 |       ||    60

Table legend: (Time is in decaauts)
 A = Elapsed time spent in this place.
 B = Non-inter-level travel time spent in this place.
 C = Inter-level travel time spent in this place.
 D = Time resting spent in this place.
 E = Time spent auto-exploring this place.
 F = Levels seen in this place.
 G = Mean time per level.
                   A        B        C        D        E       F      G
               +--------+--------+--------+--------+--------+-----+--------+
         Total |   3112 |   2992 |    120 |      0 |   2320 |   4 |  778.0 |
       Dungeon |   3112 |   2992 |    120 |      0 |   2320 |   4 |  778.0 |
               +--------+--------+--------+--------+--------+-----+--------+

Top non-repeatable levels by time:
     D:2: 1046 daAuts
     D:3: 875 daAuts
     D:1: 837 daAuts
     D:4: 352 daAuts
